 Dungeon Crawl Stone Soup version 0.28-a0-769-g550dbda0cd (webtiles) character file.

Game seed: 14260342458699009417

77 horus123 the Unweaver (level 4, 0/55 HPs)
             Began as a Demonspawn Abyssal Knight on Oct 31, 2021.
             Was a Follower of Lugonu.
             Slain by an iguana (4 damage)
             ... on level 3 of the Dungeon.
             The game lasted 00:05:03 (2369 turns).

horus123 the Unweaver (Demonspawn Abyssal Knight)   Turns: 2369, Time: 00:05:03

Health: 0/55       AC: 10    Str: 14    XL:     4   Next: 13%
Magic:  7/7        EV:  9    Int: 12    God:    Lugonu [*.....]
Gold:   50         SH:  0    Dex: 13    Spells: 3/3 levels left

rFire   . . .      SeeInvis .   a - +1 falchion
rCold   . . .      Faith    .   (no shield)
rNeg    . . .      Spirit   .   f - +0 scale mail
rPois   .          Reflect  .   (no helmet)
rElec   .          Harm     .   g - +0 cloak
rCorr   .          Rampage  .   (no gloves)
Will    .....                   k - +2 pair of boots
Stlth   ..........              (no amulet)
HPRegen 0.18/turn               (no ring)
MPRegen 0.10/turn               (no ring)

@: berserking, very quick
A: claws 1, foul stench 1
a: Renounce Religion, Depart the Abyss


You were on level 3 of the Dungeon.
You worshipped Lugonu.
Lugonu was aware of your devotion.
You visited 1 branch of the dungeon, and saw 3 of its levels.
You visited the Abyss 1 time.

You collected 50 gold pieces.

Inventory:

Hand Weapons
 a - a +1 falchion (weapon)
Armour
 b - a +0 leather armour
 f - a +0 scale mail (worn)
 g - a +0 cloak (worn)
 k - a +2 pair of boots (worn)
Wands
 j - a wand of iceblast (10)
Scrolls
 c - a scroll of fear {unknown}
 i - a scroll of enchant weapon {unknown}
 l - 2 scrolls of identify {unknown}
 o - a scroll of torment {unknown}
Potions
 e - a potion of flight {unknown}
 h - a potion of heal wounds {unknown}
 n - a potion of magic {unknown}


   Skills:
 - Level 4.0 Fighting
 + Level 1.7 Long Blades
 + Level 2.3 Armour
 - Level 0.8 Dodging
 * Level 4.0 Invocations


You had 3 spell levels left.
You didn't know any spells.
Your spell library contained the following spells:

 Spells                   Type           Power      Damage    Failure   Level
 Petrify                  Tmut/Erth      0%         N/A       100%        4
 Iskenderun's Battlesphe  Conj           0%         2d6       100%        5
 Metabolic Englaciation   Hex/Ice        0%         N/A       100%        5
 Iron Shot                Conj/Erth      0%         9d1       100%        6
 Statue Form              Tmut/Erth      0%         N/A       100%        6
 Spellforged Servitor     Conj/Summ      0%         N/A       100%        7


Dungeon Overview and Level Annotations

Branches:
Dungeon (3/15)

Altars:


Innate Abilities, Weirdness & Mutations

You have sharp fingernails.
You may rarely emit foul miasma when damaged in melee.


Message History

You are too injured to fight recklessly!
You closely miss the iguana.
The iguana is moderately wounded.
The iguana bites you.
You feel better. The iguana bites you.
You hit the iguana but do no damage.
The iguana is moderately wounded.
The iguana completely misses you.
You hit the iguana but do no damage.
The iguana is moderately wounded.
The iguana barely misses you.
You barely miss the iguana.
The iguana is moderately wounded.
The iguana bites you but does no damage.
You barely miss the iguana.
The iguana is moderately wounded.
The iguana bites you!
* * * LOW HITPOINT WARNING * * *
The iguana bites you.
* * * LOW HITPOINT WARNING * * *
You barely miss the iguana.
The iguana is moderately wounded.
The iguana misses you.
You barely miss the iguana.
The iguana is moderately wounded.
The iguana barely misses you.
It was a potion of berserk rage.
A red film seems to cover your vision as you go berserk!
You feel yourself moving faster!
You feel mighty! The iguana barely misses you.
You closely miss the iguana.
The iguana is moderately wounded.
The iguana bites you.
* * * LOW HITPOINT WARNING * * *
You completely miss the iguana.
The iguana is moderately wounded.
The iguana barely misses you.
You slash the iguana!
The iguana is severely wounded.
The iguana bites you.
You die...

## .. .# #.# ##.#
.## ####.# #.. ...
...>.# #l# ..#
#..... #@# ...#
#.##.# #.##...##
#.##.# #........
#.##.###[.......
#.##............
###.##.###.##.....
#.....#....# ...##
## #.####.###.#
### .######.# .#
#..


You could see an iguana.

Vanquished Creatures
  2 adders (D:2)
  A worm (D:2)
  A dart slug (D:1)
  5 ball pythons
  5 endoplasms
  3 giant cockroaches
  6 goblins
  7 hobgoblins
  2 quokkas
  4 bats
  4 frilled lizards
  6 kobolds
  6 rats
52 creatures vanquished.

Notes
Turn   | Place    | Note
-------+----------+-------------------------------------------
     0 | Abyss:1  | horus123 the Demonspawn Abyssal Knight began the quest for
                  | the Orb.
     0 | Abyss:1  | Reached XP level 1. HP: 18/18 MP: 2/2
    25 | Abyss:1  | Found an iron altar of Okawaru.
    61 | Abyss:2  | Found a corrupted altar of Lugonu.
   111 | Abyss:2  | Noticed a fire bat
   113 | D:1      | Escaped the Abyss
   383 | D:1      | Gained mutation: You may rarely emit foul miasma when
                  | damaged in melee. [demonic ancestry]
   383 | D:1      | Reached XP level 2. HP: 16/24 MP: 4/4
   733 | D:1      | Found a faded altar of an unknown god.
   984 | D:1      | Reached * piety under Lugonu
  1105 | D:1      | Gained mutation: You have sharp fingernails. [demonic
                  | ancestry]
  1105 | D:1      | Reached XP level 3. HP: 29/29 MP: 5/5
  1931 | D:2      | Reached XP level 4. HP: 32/37 MP: 5/7
  2369 | D:3      | Slain by an iguana

Illustrated notes

Levels and vault maps discovered:
D:1:      minmay_arrival_shoal_huts, layout_basic,
          hellmonk_ecumenical_altar_zigzags, lemuel_flame_loot_1
D:2:      layout_rooms
D:3:      layout_loops_ring

Skill      XL: |  1  2  3 |
---------------+----------+-----
Invocations    | 3 4 |  4.0
Armour         | 2 |  2.3
Fighting       | 4 |  4.0
Long Blades    | |  1.7
Dodging        | |  0.8

Action                   |  1- 3 |  4- 6 || total
-------------------------+-------+-------++-------
Melee: Falchion          |   147 |    20 ||   167
Invok: Depart the Abyss  |     1 |       ||     1
  Use: Scroll            |     1 |       ||     1
       Potion            |     1 |     2 ||     3
Armor: Leather armour    |    11 |       ||    11
       Scale mail        |    55 |     8 ||    63
Dodge: Dodged            |    90 |    10 ||   100

Table legend: (Time is in decaauts)
 A = Elapsed time spent in this place.
 B = Non-inter-level travel time spent in this place.
 C = Inter-level travel time spent in this place.
 D = Time resting spent in this place.
 E = Time spent auto-exploring this place.
 F = Levels seen in this place.
 G = Mean time per level.
                   A        B        C        D        E       F      G
               +--------+--------+--------+--------+--------+-----+--------+
         Total |   2403 |   2372 |     31 |    491 |   1383 |   5 |  480.6 |
       Dungeon |   2291 |   2260 |     31 |    491 |   1314 |   3 |  763.7 |
         Abyss |    112 |    112 |      0 |      0 |     69 |   2 |   56.0 |
               +--------+--------+--------+--------+--------+-----+--------+

Top non-repeatable levels by time:
     D:1: 1123 daAuts
     D:2: 1080 daAuts
     D:3: 87 daAuts
 Abyss:2: 57 daAuts
 Abyss:1: 55 daAuts
